Map: [ESL] Waterfall

Players

Harstem

  • Race: Protoss Protoss
  • Spawn Location: 1:00

Scarlett - Winner!

  • Race: Zerg Zerg
  • Spawn Location: 7:00

Event: DreamHack SC2 Masters 2022 Valencia

VOD

Have the link to the VOD?

Description

Time

  • Played on: July 2, 2022, 5:30 a.m.
  • Length: 7:11

All games in this series

Show
View Real Time Build Order
Export as new Build Order

Harstem Protoss 

Build Orders: 1 Gate Expand, Oracle Opening 

Get SALT Encoding   

  12  0:00  Probe  
  13  0:12  Probe  
  14  0:17  Pylon  
  14  0:24  Probe (Chrono Boost)  
  15  0:36  Probe (Chrono Boost)  
  15  0:38  Gateway  
  16  0:45  Probe (Chrono Boost)  
  16  0:47  Assimilator  
  17  0:51  Probe  
  18  1:03  Probe  
  19  1:15  Probe  
  20  1:25  Nexus  
  20  1:36  Cybernetics Core  
  20  1:39  Probe  
  21  1:47  Assimilator  
  21  1:51  Probe  
  22  1:55  Pylon  
  22  2:03  Probe (Chrono Boost)  
  23  2:13  Adept  
  23  2:15  Probe (Chrono Boost)  
  26  2:17  Stargate  
  27  2:23  Probe (Chrono Boost)  
  27  2:27  Warp Gate  
  27  2:29  Probe (Chrono Boost)  
  28  2:40  Probe (Chrono Boost)  
  28  2:41  Probe (Chrono Boost)  
  28  2:43  Stalker  
  32  2:47  Probe (Chrono Boost)  
  32  2:48  Probe (Chrono Boost)  
  34  2:52  Probe (Chrono Boost)  
  34  2:55  Probe  
  34  2:57  Pylon  
  36  3:03  Oracle (Chrono Boost)  
  36  3:04  Probe  
  37  3:08  Probe  
  41  3:16  Probe  
  41  3:17  Gateway  
  42  3:20  Probe  
  43  3:28  Probe  
  43  3:32  Probe  
  43  3:33  Oracle (Chrono Boost)  
  48  3:40  Pylon  
  48  3:42  Probe  
  48  3:47  Probe  
  50  3:53  Nexus  
  50  3:55  Probe  
  48  3:59  Probe  
  49  4:07  Probe, Gateway  
  49  4:08  Oracle (Chrono Boost)  
  53  4:11  Probe  
  53  4:16  Stalker  
  56  4:18  Stalker  
  56  4:21  Assimilator  
  56  4:23  Probe  
  60  4:24  Pylon  
  60  4:25  Probe  
  60  4:31  Assimilator  
  60  4:35  Probe  
  61  4:38  Shield Battery  
  61  4:43  Probe  
  61  4:45  Stalker x2  
  66  4:48  Probe  
  66  4:50  Pylon  
  67  4:55  Probe  
  68  5:00  Probe  
  69  5:07  Stalker, Probe (Chrono Boost)  
  69  5:08  Stalker x2  
  69  5:09  Probe (Chrono Boost)  
  69  5:12  Probe (Chrono Boost)  
  78  5:17  Twilight Council  
  78  5:19  Probe (Chrono Boost)  
  80  5:21  Probe (Chrono Boost)  
  80  5:23  Probe (Chrono Boost)  
  80  5:26  Probe (Chrono Boost)  
  80  5:27  Probe (Chrono Boost)  
  83  5:28  Probe (Chrono Boost)  
  83  5:30  Pylon  
  83  5:33  Probe  
  83  5:34  Stalker x2  
  89  5:36  Stalker  
  89  5:37  Probe  
  89  5:38  Probe  
  93  5:48  Probe  
  93  5:49  Pylon  
  94  5:50  Assimilator  
  94  5:52  Forge  
  92  5:57  Probe  
  92  6:00  Stalker x3  
  100  6:05  Pylon  
  100  6:06  Assimilator  
  100  6:08  Probe  
  100  6:09  Probe  
  101  6:11  Pylon  
  101  6:17  Probe  
  102  6:20  Probe  
  102  6:23  Gateway  
  103  6:25  Stalker x3  
  103  6:29  Photon Cannon  
  110  6:39  Gateway  
  110  6:41  Templar Archives  
  110  6:43  Gateway  
  109  6:49  Probe  
  109  6:52  Zealot x3  
  116  6:59  Probe  
Show
View Real Time Build Order
Export as new Build Order

Scarlett Zerg - Winner!

Build Orders: Hatch First 

Get SALT Encoding   

  12  0:00  Drone  
  13  0:12  Overlord  
  13  0:17  Drone  
  14  0:30  Drone x2  
  16  0:47  Hatchery  
  15  0:51  Drone  
  15  0:54  Drone  
  17  0:58  Drone  
  18  1:08  Extractor  
  17  1:14  Spawning Pool  
  17  1:16  Drone  
  17  1:20  Drone  
  18  1:27  Drone  
  19  1:38  Drone  
  20  1:51  Drone  
  21  2:00  Queen x2  
  25  2:01  Overlord, Zergling x2  
  26  2:11  Drone x2  
  26  2:12  Metabolic Boost  
  28  2:21  Drone  
  28  2:22  Drone  
  30  2:33  Drone  
  30  2:34  Drone  
  32  2:39  Hatchery  
  31  2:44  Queen  
  31  2:49  Overlord  
  33  2:52  Drone  
  33  2:54  Drone  
  33  2:56  Drone  
  36  3:06  Overlord  
  36  3:07  Queen  
  36  3:10  Drone x2  
  40  3:14  Zergling x6  
  43  3:23  Queen, Zergling x2  
  46  3:30  Drone  
  46  3:34  Drone  
  48  3:36  Spore Crawler  
  48  3:39  Drone  
  49  3:41  Drone  
  49  3:42  Drone x2, Overlord  
  50  3:52  Drone x5  
  54  3:56  Drone  
  54  3:57  Queen  
  54  4:01  Evolution Chamber  
  55  4:03  Queen  
  57  4:11  Drone x4  
  57  4:13  Overlord  
  57  4:16  Drone x2  
  63  4:22  Drone x3  
  66  4:27  Overlord x2  
  66  4:29  Zerg Melee Weapons Level 1  
  66  4:40  Spore Crawler  
  66  4:43  Drone x6  
  70  4:50  Zergling x14  
  77  5:04  Hatchery  
  77  5:06  Spore Crawler, Drone  
  76  5:08  Drone x5  
  76  5:10  Lair  
  76  5:11  Extractor  
  76  5:12  Zergling x6  
  83  5:15  Queen  
  85  5:22  Zergling x10  
  85  5:23  Overlord  
  90  5:36  Hatchery  
  90  5:37  Overlord x2  
  88  5:43  Zergling x18  
  97  5:54  Hatchery  
  95  6:01  Drone  
  95  6:02  Roach Warren  
  95  6:03  Drone x3  
  95  6:04  Extractor  
  97  6:05  Zergling x8  
  97  6:10  Zergling x8  
  105  6:19  Zergling x4  
  105  6:21  Drone  
  105  6:22  Baneling Nest  
  105  6:23  Zergling x8  
  111  6:30  Zergling x2  
  112  6:36  Zergling x2  
  113  6:43  Overlord x7  

Tags
 
Add a new tag
Caveats
  • Supply blocks, unpowered buildings, or Contaminate may cause inaccurate times.
  • Supply counts are checked every 10 seconds.